 Dungeon Crawl Stone Soup version 0.29.0-4-gdea44cf6ec (webtiles) character file.

Game seed: 2496675727237598126

123 qw the Sneak (level 5, 0/32 HPs)
             Began as a Gargoyle Delver on Sept 10, 2022.
             Slain by a phantom (3 damage)
             ... on level 4 of the Dungeon.
             The game lasted 00:00:25 (1264 turns).

qw the Sneak (Gargoyle Delver)                      Turns: 1264, Time: 00:00:26

Health: 0/32       AC:  7    Str: 17    XL:     5   Next: 7%
Magic:  5/5        EV: 11    Int: 11    God:
Gold:   21         SH:  0    Dex: 11    Spells: 4/4 levels left

rFire   . . .      SeeInvis .   i - +0 broad axe (freeze)
rCold   . . .      Faith    .   (no shield)
rNeg    + . .      Spirit   .   b - +0 leather armour
rPois   inf        Reflect  .   (no helmet)
rElec   +          Harm     .   (no cloak)
rCorr   .          Rampage  .   (no gloves)
Will    .....                   (no boots)
Stlth   +++.......              (no amulet)
HPRegen 0.10/turn               (no ring)
MPRegen 0.09/turn               (no ring)

@: no status effects
A: sickness immunity, AC +4, negative energy resistance 1, electricity
resistance, torment resistance 1, petrification resistance
a: no special abilities


You were on level 4 of the Dungeon.
You visited 1 branch of the dungeon, and saw 2 of its levels.

You collected 21 gold pieces.


Innate Abilities, Weirdness & Mutations

You are immune to sickness and miasma.
Your stone body is resilient. (AC +4)
You are immune to poison.
You resist negative energy. (rN+)
You are resistant to electric shocks. (rElec)
You are resistant to unholy torment.
You are immune to petrification.


   Skills:
 - Level 3.2 Fighting
 + Level 4.6 Axes
 - Level 1.5 Dodging
 - Level 5.4 Stealth


You had 4 spell levels left.
You didn't know any spells.
Your spell library was empty.

Inventory:

Hand Weapons
 c - a +0 club
 i - a +0 broad axe of freezing (weapon)
Armour
 a - a +0 chain mail
 b - a +0 leather armour (worn)
 h - the +1 pair of boots of Inviolability {Will+ rCorr}
   (You found it on level 4 of the Dungeon)

   rCorr:     It protects you from acid and corrosion.
   Will:      It increases your willpower.
Wands
 g - a wand of digging (3)
Scrolls
 e - a scroll of acquirement {unknown}
Potions
 d - 3 potions of degeneration {unknown}
 f - a potion of haste

Dungeon Overview and Level Annotations

Branches:
Dungeon (5/15)
 Temple: D:4-7

Altars:
Xom


Message History

You slash the phantom!
The phantom is moderately damaged.
The phantom hits you.
The phantom blinks!
You blink.
The phantom misses you.
You slash the phantom! You freeze the phantom.
The phantom is almost destroyed.
The phantom hits you.
The phantom blinks!
You blink.
You closely miss the phantom.
The phantom is almost destroyed.
The phantom hits you.
You barely miss the phantom.
The phantom is almost destroyed.
The phantom barely misses you. The phantom hits you.
You barely miss the phantom.
The phantom is almost destroyed.
The phantom barely misses you.
You hit the phantom but do no damage.
The phantom is almost destroyed.
The phantom barely misses you. The phantom completely misses you.
You barely miss the phantom.
The phantom is almost destroyed.
The phantom hits you.
You hit the phantom but do no damage.
The phantom is almost destroyed.
The phantom hits you but does no damage.
You completely miss the phantom.
The phantom is almost destroyed.
The phantom barely misses you. The phantom closely misses you.
You hit the phantom.
The phantom is almost destroyed.
The phantom hits you.
The phantom blinks!
You blink.
You closely miss the phantom.
The phantom is almost destroyed.
The phantom hits you.
The phantom blinks!
You blink.
You hit the phantom but do no damage.
The phantom is almost destroyed.
The phantom hits you but does no damage. x2
You barely miss the phantom.
The phantom is almost destroyed.
The phantom hits you.
You die...

..####.#
#.#.###.#.###....#
#..###.# # ##.#....###
####.#
##...))#####.#.....#...
#.# .##...#.¤¤......#.#
..# #.#
##....#.###.###.#.##..#
#.# #....##.#
#..¤¤...## #.#
....###.# ###.##.....#
####.# .#.## #.#
+..W##.....# #.>..#
#..# #.# ###.@......#
#.#### ..## #.#
#........# #.# [## #.#
#..#.....# #.# .#
........######## #.. ##
.###.#### ### # .. ##


You could see a phantom.

Vanquished Creatures
  A hound (D:4)
  An orc priest (D:4)
  An orc wizard (D:4)
  A mummy (D:4)
  2 adders (D:4)
  An orc (D:4)
  3 endoplasms (D:4)
  2 ball pythons (D:4)
  A goblin zombie (D:4)
  An orc zombie (D:4)
14 creatures vanquished.

Notes
Turn   | Place    | Note
-------+----------+-------------------------------------------
     0 | D:5      | qw the Gargoyle Delver began the quest for the Orb.
     0 | D:5      | Reached XP level 1. HP: 14/14 MP: 1/1
     0 | D:5      | 0 ||| qw: Version: 0.1-a-116-g5d60599
     0 | D:5      | 0 ||| qw: Game counter: 8702
     0 | D:5      | 0 ||| qw: Always use a shield: true
     0 | D:5      | 0 ||| qw: God list: Okawaru
     0 | D:5      | 0 ||| qw: Allow faded altars: false
     0 | D:5      | 0 ||| qw: Do Orc after D:15 true
     0 | D:5      | 0 ||| qw: Do second Lair branch before Depths: true
     0 | D:5      | 0 ||| qw: Lair rune preference: random
     0 | D:5      | 0 ||| qw: Plans: Normal
     0 | D:5      | 0 ||| PLANNING D:1-11
     0 | D:5      | 0 ||| DROPPING scroll of fog.
     1 | D:5      | 1 ||| DROPPING scroll of magic mapping.
     2 | D:5      | 2 ||| DROPPING scroll of fear.
    12 | D:4      | 12 ||| PLANNING OSSUARY
    54 | D:4      | Reached XP level 2. HP: 15/19 MP: 2/2
   345 | D:4      | Found a shimmering altar of Xom.
   381 | D:4      | HP: 4/19 [hound (3)]
   384 | D:4      | Reached skill level 3 in Axes
   384 | D:4      | Reached XP level 3. HP: 5/23 MP: 3/3
   609 | D:4      | 609 ||| RIP OSSUARY
   615 | D:4      | 615 ||| PLANNING D:1-11
   615 | D:4      | 615 ||| Stepping ~*~*~tactically~*~*~ (stealth).
   644 | D:4      | 644 ||| Stepping ~*~*~tactically~*~*~ (stealth).
   646 | D:4      | 646 ||| Stepping ~*~*~tactically~*~*~ (stealth).
   920 | D:4      | Identified the +1 pair of boots of Inviolability {Will+
                  | rCorr}
  1029 | D:4      | 1029 ||| SWAPPING to +0 broad axe of freezing.
  1030 | D:4      | 1030 ||| DROPPING +0 hand axe.
  1108 | D:4      | Reached XP level 4. HP: 24/28 MP: 4/4
  1159 | D:4      | 1159 ||| Stepping ~*~*~tactically~*~*~ (stealth).
  1161 | D:4      | 1161 ||| Stepping ~*~*~tactically~*~*~ (hiding).
  1173 | D:4      | Reached XP level 5. HP: 27/32 MP: 5/5
  1224 | D:4      | Noticed a phantom
  1261 | D:4      | HP: 6/32 [phantom (4)]
  1262 | D:4      | HP: 2/32 [phantom (4)]
  1264 | D:4      | Slain by a phantom

Levels and vault maps discovered:
D:4:      nicolae_BIG_FREAKIN_CUBE, layout_loops_cross, lemuel_doored_altar,
          xom_teletrap_fun, nicolae_ossuary_entry_giza
D:5:      layout_cave_pools, lemuel_crystal_altar,
          chequers_temple_overflow_statue_of_worship,
          minmay_temple_entry_statues_fountains, gammafunk_ghost_cemetery,
          kennysheep_generic_room_11

Skill      XL: |  1  2  3  4 |
---------------+-------------+-----
Axes           | 2 3 4 |  4.6
Fighting       | |  3.2
Dodging        | |  1.5
Stealth        | |  5.4

Action                   |  1- 3 |  4- 6 || total
-------------------------+-------+-------++-------
Melee: Hand axe          |    48 |       ||    48
       Broad axe         |    11 |    23 ||    34
 Stab: Sleeping          |     1 |       ||     1
Armor: Leather armour    |    19 |     6 ||    25
Dodge: Dodged            |    32 |    11 ||    43

Table legend:
 A = Non-vault XP
 B = Vault XP
 C = Vault XP percentage of total XP
 D = Non-vault monster count
 E = Vault monster count
 F = Vault count percentage of total count
                 A         B        C        D         E       F
            +---------+---------+-------+---------+---------+-------
      Total |     156 |      20 |  11.4 |      11 |       3 |  21.4
            +---------+---------+-------+---------+---------+-------
        D:4 |     156 |      20 |  11.4 |      11 |       3 |  21.4
            +---------+---------+-------+---------+---------+-------
